 Dungeon Crawl Stone Soup version 0.31-a0-43-g46d131a48f (webtiles) character file.

Game seed: 5881688463368604527

12982 pk666 the Thaumaturge (level 11, 0/54 HPs)
             Began as a Deep Elf Fire Elementalist on May 18, 2023.
             Was a High Priest of Vehumet.
             Engulfed by an ice statue's freezing vapour (23 damage)
             ... in an ice cave.
             The game lasted 00:30:03 (13198 turns).

pk666 the Thaumaturge (Deep Elf Fire Elementalist) Turns: 13198, Time: 00:30:08

Health: 0/54       AC:  4    Str:  5    XL:     11   Next: 69%
Magic:  33/38      EV: 18    Int: 25    God:    Vehumet [*****.]
Gold:   519        SH:  0    Dex: 15    Spells: 11/35 levels left

rFire   . . .        P - +2 dagger (speed)
rCold   . . .        (no shield)
rNeg    . . .        a - +0 robe
rPois   .            (no helmet)
rElec   .            j - +0 cloak
rCorr   .            Q - +0 pair of gloves
SInv    +            (no boots)
Will    +....        J - amulet of faith
Stlth   ++           w - ring of see invisible
HPRegen 0.29/turn    N - ring of magical power
MPRegen 0.26/turn

%: faith
@: no status effects
A: no striking features
a: Renounce Religion


You were in an ice cave.
You worshipped Vehumet.
Vehumet was extremely pleased with you.
You visited 2 branches of the dungeon, and saw 12 of its levels.
You also visited: Sewer and Ice Cave.

You collected 615 gold pieces.
You spent 96 gold pieces at shops.

Inventory:

Hand Weapons
 P - a +2 dagger of speed (weapon)
Armour
 a - a +0 robe (worn)
 j - a +0 cloak (worn)
 Q - a +0 pair of gloves (worn)
Jewellery
 b - a +6 ring of dexterity
 p - a ring of willpower
 w - a ring of see invisible (left hand)
 E - a ring of resist corrosion
 J - an amulet of faith (around neck)
 K - an amulet of reflection
 N - a ring of magical power (right hand)
 O - a +6 ring of strength
Wands
 s - a wand of paralysis (13)
 t - a wand of flame (20)
 v - a wand of light (25)
 B - a wand of iceblast (12)
 C - a wand of mindburst (11)
Scrolls
 e - 6 scrolls of enchant armour
 f - 4 scrolls of fear
 g - 2 scrolls of enchant weapon {unknown}
 h - a scroll of silence {unknown}
 k - a scroll of fog {unknown}
 l - 4 scrolls of immolation
 m - 4 scrolls of poison
 n - 4 scrolls of identify
 r - 2 scrolls of vulnerability {unknown}
 u - 2 scrolls of magic mapping {unknown}
 x - a scroll of torment {unknown}
 y - a scroll of acquirement {unknown}
 z - 2 scrolls of amnesia {unknown}
 A - 5 scrolls of teleportation
 F - a scroll of blinking {unknown}
 G - 3 scrolls of noise
 L - a scroll of summoning {unknown}
 T - a scroll of brand weapon {unknown}
Potions
 c - 4 potions of degeneration
 d - 2 potions of haste
 i - 2 potions of berserk rage
 o - 2 potions of lignification
 q - 3 potions of cancellation
 D - 2 potions of brilliance
 H - a potion of invisibility
 I - 5 potions of flight
 M - 6 potions of curing
 R - a potion of resistance
 S - 3 potions of attraction


   Skills:
 + Level 11.4 Dodging
 - Level 2.4 Stealth
 + Level 12.5 Spellcasting
 + Level 10.3 Conjurations
 + Level 10.9 Fire Magic
 * Level 1.8 Ice Magic
 * Level 1.7 Air Magic


You had 11 spell levels left.
You knew the following spells:

 Your Spells              Type           Power      Damage    Failure   Level
a - Foxfire               Conj/Fire      100%       2x1d9     1%          1
b - Scorch                Fire           100%       2d9       1%          2
c - Flame Wave            Conj/Fire      62%        2d14      1%          4
d - Mephitic Cloud        Conj/Pois/Air  35%        N/A       1%          3
e - Irradiate             Conj/Tmut      20%        3d18      3%          5
f - Fulminant Prism       Conj/Hex       20%        3d12      1%          4
g - Freezing Cloud        Conj/Ice/Air   19%        6-21      4%          5

Your spell library contained the following spells:

 Spells                   Type           Power      Damage    Failure   Level
 Dazzling Flash           Conj/Hex       82%        N/A       1%          3
 Frozen Ramparts          Ice            50%        1d8       1%          3
 Inner Flame              Hex/Fire       42%        N/A       1%          3
 Volatile Blastmotes      Fire/Tloc      84%        2d17      1%          3
 Sublimation of Blood     Necr           15%        N/A       6%          2
 Ice Form                 Ice/Tmut       20%        N/A       26%         4
 Summon Ice Beast         Ice/Summ       20%        N/A       26%         4
 Animate Dead             Necr           15%        N/A       36%         4
 Petrify                  Tmut/Erth      15%        N/A       36%         4
 Silence                  Hex/Air        9%         N/A       58%         5
 Agony                    Necr           15%        N/A       71%         5
 Haunt                    Necr/Summ      7%         N/A       100%        7
 Infestation              Necr           7%         N/A       100%        8


Dungeon Overview and Level Annotations

Branches:
Dungeon (11/15)            Temple (1/1) D:5             Orc (0/2) D:9
  Sewer (visited)           IceCv (1/1)
   Lair: D:8-11

Altars:
Ashenzari
Cheibriados
Dithmenos
Elyvilon
Fedhas
Gozag
Hepliaklqana
Kikubaaqudgha
Makhleb
Nemelex Xobeh
Okawaru
Qazlal
Ru
Sif Muna
Trog
Uskayaw
Vehumet
Wu Jian
Xom
Yredelemnul
Zin
The Shining One

Shops:
D:6 *   D:11 :

Annotations:
D:6 2 transporters, bmj180's ghost, novice MfIE
D:10 2 transporters, decrepitude's ghost, journeyman GrHu IceCv exclusion: ice statue


Message History

The ice beast's fire resistance burns away.
Flames lash the ice beast.
The ice beast melts!
You kill the ice beast!
The ice beast disappears in a puff of smoke!
You start resting.
An ice beast is nearby!
Flames lash the ice beast.
The ice beast melts!
The ice beast is heavily wounded.
The ice beast's fire resistance burns away.
Flames lash the ice beast.
The ice beast melts!
The ice beast is almost dead.
The ice beast hits you. The ice beast freezes you!
Flames lash the ice beast.
The ice beast melts!
You kill the ice beast!
The ice beast disappears in a puff of smoke!
You start resting.
HP restored.
You start resting.
Magic restored.
Really walk into a travel-excluded area?
The ice statue gestures at you. The shard of ice hits you!!
Ouch! That really hurt!
Casting: Scorch (safe; 1% risk of failure)
Confirm with . or Enter, or press ? or * to list all spells.
Casting: Flame Wave (safe; 1% risk of failure)
Press: ? - help, Dir - look around, f - activate A wave of flame ripples out!
The flame wave engulfs the ice statue.
The ice statue melts!
The ice statue is lightly damaged. (Press . to intensify the flame waves.)
The ice statue gestures at you. The freezing blast misses you.
A wave of flame ripples out!
You hear a sizzling sound! x2
The flame wave engulfs the ice statue!
The ice statue melts!
The ice statue is moderately damaged.
You hear a sizzling sound! x7
You are engulfed in freezing vapours.
You die...

## ##. ## ###.. ≈≈
##... ## #.##...
###. #.....## ###..#
#..8@.## #..###
##.....##########..#
####...##...##...#..
###...##...######
##########


You could see an ice statue.

Vanquished Creatures
  2 two-headed ogres
  A gargoyle (D:10)
  Maggie (D:9)
  2 kobold demonologists (D:5)
  8 polar bears (IceCv)
  Sigmund (D:2)
  4 wyverns
  16 yaks
  2 wraiths
  A steam dragon (D:10)
  3 water moccasins (D:8)
  2 ice beasts
  6 orc warriors
  3 sky beasts
  2 black bears
  15 wolves (IceCv)
  A phantom (D:7)
  2 kobold brigands (D:5)
  3 bullfrogs
  4 scorpions
  14 wights
  5 killer bees (D:9)
  6 howler monkeys
  8 orc priests
  6 hounds
  A jelly (D:6)
  2 sleepcaps
  Ijyb (D:4)
  6 orc wizards
  4 gnolls (D:7)
  14 adders
  5 river rats (Sewer)
  3 shadow imps
  An ufetubus (D:5)
  4 worms
  2 dart slugs (D:2)
  43 orcs
  14 ball pythons
  5 endoplasms
  12 giant cockroaches
  3 hobgoblins
  11 jackals
  7 quokkas
  5 bats
  8 frilled lizards
  3 goblins
  9 kobolds
  7 rats
288 creatures vanquished.

Vanquished Creatures (collateral kills)
  11 foxfires (D:3)
11 creatures vanquished.

Vanquished Creatures (others)
  543 foxfires
  2 fulminant prisms (D:10)
545 creatures vanquished.

Grand Total: 844 creatures vanquished

Notes
Turn   | Place    | Note
-------+----------+-------------------------------------------
     0 | D:1      | pk666 the Deep Elf Fire Elementalist began the quest for
                  | the Orb.
     0 | D:1      | Reached XP level 1. HP: 10/10 MP: 6/6
   286 | D:1      | Reached XP level 2. HP: 15/15 MP: 4/8
   289 | D:1      | Learned a level 2 spell: Scorch
  1408 | D:2      | Reached XP level 3. HP: 19/19 MP: 7/10
  1435 | D:2      | Noticed Sigmund
  1438 | D:2      | Killed Sigmund
  1439 | D:2      | Reached skill level 4 in Spellcasting
  1439 | D:2      | Reached XP level 4. HP: 12/24 MP: 4/12
  1439 | D:2      | Reached XP level 5. HP: 14/28 MP: 4/13
  1522 | D:2      | Learned a level 4 spell: Flame Wave
  2171 | D:3      | Identified the +1 cloak of Poxutil {Harm Str+3 Slay+3}
  2287 | D:3      | Reached skill level 5 in Spellcasting
  2287 | D:3      | Reached XP level 6. HP: 25/32 MP: 4/15
  2447 | D:3      | Found an ancient bone altar of Kikubaaqudgha.
  3142 | D:3      | Reached skill level 5 in Fire Magic
  3438 | D:4      | Noticed Ijyb
  3445 | D:4      | Killed Ijyb
  3974 | D:4      | Found a snail-covered altar of Cheibriados.
  4026 | D:5      | Entered Level 5 of the Dungeon
  4041 | D:5      | Reached skill level 5 in Dodging
  4041 | D:5      | Reached XP level 7. HP: 31/36 MP: 10/17
  4112 | D:5      | Noticed a kobold demonologist
  4119 | D:5      | Killed a kobold demonologist
  4120 | D:5      | Reached skill level 6 in Spellcasting
  4121 | D:5      | Noticed a kobold demonologist
  4225 | D:5      | Killed a kobold demonologist
  4226 | D:5      | Reached skill level 5 in Conjurations
  4226 | D:5      | Reached XP level 8. HP: 30/41 MP: 8/20
  4425 | D:5      | Reached skill level 7 in Spellcasting
  4998 | D:5      | Found a burning altar of Makhleb.
  5015 | D:5      | Found a staircase to the Ecumenical Temple.
  5173 | Temple   | Entered the Ecumenical Temple
  5209 | Temple   | Became a worshipper of Vehumet
  5410 | D:6      | Found a glowing drain.
  5414 | Sewer    | Entered a sewer
  5672 | Sewer    | Reached * piety under Vehumet
  5672 | Sewer    | Offered knowledge of Kiss of Death by Vehumet.
  6397 | D:6      | Noticed a hornet
  6401 | D:6      | Noticed bmj180's ghost (novice MfIE)
  6562 | D:6      | Found Qetyschemp's General Store.
  6566 | D:6      | Found a transporter.
  6568 | D:6      | Found a transporter.
  6570 | D:6      | Bought a scroll of noise for 12 gold pieces
  6570 | D:6      | Bought a scroll of identify for 24 gold pieces
  6570 | D:6      | Bought a potion of heal wounds for 60 gold pieces
  6575 | D:6      | Noticed a queen bee
  6732 | D:6      | Reached skill level 8 in Spellcasting
  7031 | D:6      | Reached XP level 9. HP: 45/45 MP: 14/23
  7127 | D:6      | Found a shimmering blue altar of Sif Muna.
  7266 | D:7      | Reached ** piety under Vehumet
  7266 | D:7      | Offered knowledge of Searing Ray by Vehumet.
  8108 | D:7      | Reached skill level 9 in Spellcasting
  8766 | D:8      | Found a white marble altar of Elyvilon.
  8925 | D:8      | You fall into a shaft and drop 1 floor!
  8936 | D:9      | Offered knowledge of Ignite Poison by Vehumet.
  8940 | D:9      | Reached XP level 10. HP: 50/50 MP: 15/25
  8941 | D:9      | Reached skill level 10 in Spellcasting
  8942 | D:9      | Noticed a two-headed ogre
  8946 | D:9      | Reached *** piety under Vehumet
  8951 | D:9      | Killed a two-headed ogre
  9133 | D:9      | Offered knowledge of Mephitic Cloud by Vehumet.
  9139 | D:9      | Learned a level 3 spell: Mephitic Cloud
  9406 | D:9      | Reached skill level 10 in Dodging
  9406 | D:9      | Reached skill level 11 in Spellcasting
  9421 | D:9      | Reached **** piety under Vehumet
  9629 | D:9      | Found a glowing golden altar of the Shining One.
  9789 | D:9      | Noticed Maggie
  9797 | D:9      | Killed Maggie
  9916 | D:9      | Found a staircase to the Orcish Mines.
 10056 | D:9      | Found an opulent altar of Gozag.
 10973 | D:8      | Learned a level 5 spell: Irradiate
 11006 | D:10     | Entered Level 10 of the Dungeon
 11010 | D:10     | Noticed a two-headed ogre
 11016 | D:10     | Killed a two-headed ogre
 11017 | D:10     | Reached skill level 10 in Fire Magic
 11017 | D:10     | Reached XP level 11. HP: 54/54 MP: 27/28
 11021 | D:10     | Offered knowledge of Fulminant Prism by Vehumet.
 11127 | D:10     | Found an iron altar of Okawaru.
 11157 | D:10     | Found a hide-covered altar of Uskayaw.
 11240 | D:10     | Noticed a two-headed ogre
 11244 | D:10     | Noticed a tengu warrior
 11244 | D:10     | Noticed decrepitude's ghost (journeyman GrHu)
 11253 | D:10     | Learned a level 4 spell: Fulminant Prism
 11253 | D:10     | Found a transporter.
 11256 | D:10     | Found a transporter.
 11257 | D:10     | Found a bloodstained altar of Trog.
 11549 | D:10     | Found a stormy altar of Qazlal.
 11574 | D:10     | Noticed a two-headed ogre
 12187 | D:11     | Found Mabanod's Book Emporium.
 12193 | D:11     | Found a frozen archway.
 12202 | IceCv    | Entered an ice cave
 12314 | IceCv    | Reached skill level 12 in Spellcasting
 12579 | IceCv    | Reached skill level 10 in Conjurations
 12743 | IceCv    | Reached ***** piety under Vehumet
 12872 | IceCv    | Offered knowledge of Freezing Cloud by Vehumet.
 12879 | IceCv    | Learned a level 5 spell: Freezing Cloud
 12918 | IceCv    | Reached skill level 1 in Ice Magic
 12918 | IceCv    | Reached skill level 1 in Air Magic
 13198 | IceCv    | Engulfed by an ice statue's freezing vapour

Illustrated notes

Levels and vault maps discovered:
D:1:      nzn_arrival_depleted_hourglass, layout_basic
D:2:      layout_rooms, uniq_sigmund
D:3:      kennysheep_six_static_rooms, layout_basic,
          mainiacjoe_overflow_boulevard, serial_forest, infiniplex_forest_end_2,
          infiniplex_forest_lined_ring, infiniplex_forest_lined_corner,
          infiniplex_forest_straight_3, infiniplex_forest_clump_curved,
          infiniplex_forest_straight_2, infiniplex_forest_clump_tiny,
          infiniplex_forest_clump_diagonal, lemuel_flame_loot_1
D:4:      layout_cave_pools, kennysheep_little_box, uniq_ijyb
D:5:      layout_loops_cross, lemuel_tele_altar, temple_hall, chequers_garden
D:6:      layout_rooms, lemuel_coloured_pillars_altar, gammafunk_ghost_hive,
          serial_shops, shop, gup_sewer_entry_spiral,
          chequers_ossuary_entry_cave
D:7:      layout_loops_ring, hangedman_decor_growths
D:8:      layout_basic, lemuel_crystal_altar, grunt_ministairs_2, kennysheep_nub
D:9:      nicolae_cairo_tiling, layout_basic, general_overflow_altar,
          grunt_gozag_breadcrumbs, david_orc_5,
          amcnicky_mini_rare_corridor_liquid, uniq_maggie
D:10:     layout_small_grid, mainiacjoe_overflow_two_lobes,
          lemuel_crystal_altar, gammafunk_ghost_wrathful_warriors
D:11:     minmay_blocky_corners, layout_loops_ring, lair_entry_dummy,
          serial_shops, shop, portal_ice_cave_entry_pillars_2,
          serial_bayou_pond_a
Temple:   nicolae_temple_ecumenical_triangle
IceCv:    ice_cave_caverns_01

Skill      XL: |  1  2  3  4  5  6  7  8  9 10 11 |
---------------+----------------------------------+-----
Dodging        | 3 4 5 6 7 9 10 11 | 11.4
Spellcasting   | 4 5 6 8 9 11 12 | 12.5
Conjurations   | 3 4 5 6 7 9 10 | 10.3
Fire Magic     | 4 5 6 7 8 10 | 10.9
Ice Magic      | 1 |  1.8
Air Magic      | 1 |  1.7
Stealth        | |  2.4

Action                     |  1- 3 |  4- 6 |  7- 9 | 10-12 || total
---------------------------+-------+-------+-------+-------++-------
  Melee: Whip              |       |     6 |       |       ||     6
   Cast: Foxfire           |    59 |   107 |   117 |    56 ||   339
         Scorch            |     4 |    17 |    91 |   101 ||   213
         Flame Wave        |       |     1 |    13 |    35 ||    49
         Mephitic Cloud    |       |       |       |     2 ||     2
         Fulminant Prism   |       |       |       |     2 ||     2
    Use: Scroll            |       |       |     9 |     4 ||    13
         Potion            |       |       |     1 |     3 ||     4
 Armour: Robe              |     4 |     3 |     6 |     6 ||    19
  Dodge: Dodged            |    17 |    19 |    66 |    60 ||   162

Table legend: (Time is in decaauts)
 A = Elapsed time spent in this place.
 B = Non-inter-level travel time spent in this place.
 C = Inter-level travel time spent in this place.
 D = Time resting spent in this place.
 E = Time spent auto-exploring this place.
 F = Levels seen in this place.
 G = Mean time per level.
                   A        B        C        D        E       F      G
               +--------+--------+--------+--------+--------+-----+--------+
         Total |  13429 |  12890 |    539 |   2276 |   8578 |  14 |  959.2 |
       Dungeon |  11371 |  10840 |    531 |   1730 |   7530 |  11 | 1033.7 |
        Temple |     48 |     40 |      8 |      0 |     18 |   1 |   48.0 |
         Sewer |   1013 |   1013 |      0 |    105 |    689 |   1 | 1013.0 |
      Ice Cave |    995 |    995 |      0 |    441 |    340 |   1 |  995.0 |
               +--------+--------+--------+--------+--------+-----+--------+

Top non-repeatable levels by time:
     D:9: 1600 daAuts
     D:3: 1422 daAuts
     D:1: 1396 daAuts
     D:7: 1265 daAuts
     D:6: 1123 daAuts
     D:5: 1117 daAuts
   Sewer: 1013 daAuts
    D:10: 1011 daAuts
   IceCv: 995 daAuts
     D:8: 894 daAuts
     D:4: 770 daAuts
     D:2: 584 daAuts
    D:11: 183 daAuts
  Temple: 48 daAuts
